| TOP OF THE 1ST |
|
Chicago (APP) Cubs batting - Pitching for Danville Braves : RHP Bill Marshall
|
|
Pitching: RHP Bill Marshall
|
|
|
Batting: SHB Jim Lloyd
|
0-0: Ball 1-0: Ball 2-0: Called Strike 2-1: Fly out, F8 (Flyball, 78D, EV 110.6 MPH)
|
|
Batting: RHB Andy Villarreal
|
0-0: Ball 1-0: Called Strike 1-1: Called Strike 1-2: Strikes out looking
|
|
Batting: LHB Jose Mafano
|
0-0: Ball 1-0: Called Strike 1-1: Swinging Strike 1-2: Fly out, F7 (Flyball, 7, EV 91.2 MPH)
|
| Top of the 1st over - 0 runs, 0 hits, 0 errors, 0 left on base; Chicago (APP) 0 - Danville 0 |
| BOTTOM OF THE 1ST |
|
Danville Braves batting - Pitching for Chicago (APP) Cubs : RHP Luis Solis
|
|
Pitching: RHP Luis Solis
|
|
|
Batting: RHB Danny Dimas
|
0-0: Bunt missed! 0-1: Ball 1-1: Called Strike 1-2: Ball 2-2: Ball 3-2: Foul Ball, location: 2F 3-2: Base on Balls
|
|
Batting: RHB Mennad Maalik
|
0-0: Called Strike 0-1: 2-RUN HOME RUN (Flyball, 7D, EV 91.2 MPH), Distance : 343 ft
|
|
Batting: RHB Richard Saquic
|
0-0: Called Strike 0-1: Ball 1-1: Ball 2-1: Ground out 4-3 (Groundball, 4, EV 100.0 MPH)
|
|
Batting: RHB Paul Holland
|
0-0: Called Strike 0-1: Called Strike 0-2: Ball 1-2: Ball 2-2: Ball 3-2: Base on Balls
|
|
Batting: RHB Jesus Diego
|
0-0: Ball Passed Ball! Paul Holland to second 1-0: Ball Wild Pitch! Paul Holland to third 2-0: Called Strike 2-1: Ground out 4-3 (Groundball, 4, EV 93.1 MPH) Paul Holland scores
|
|
Batting: RHB Ricardo Joya
|
0-0: Swinging Strike 0-1: Ball 1-1: Ball 2-1: Foul Ball, location: 2F 2-2: DOUBLE (Flyball, 89D, EV 93.8 MPH)
|
|
Batting: RHB Bart Stevensdick
|
0-0: Foul Ball, location: 2F 0-1: Foul Ball, location: 2F 0-2: Foul Ball, location: 2F 0-2: Ball Passed Ball! Ricardo Joya to third 1-2: Ball 2-2: Strikes out swinging
|
| Bottom of the 1st over - 3 runs, 2 hits, 0 errors, 1 left on base; Chicago (APP) 0 - Danville 3 |
| TOP OF THE 2ND |
|
Chicago (APP) Cubs batting - Pitching for Danville Braves : RHP Bill Marshall
|
|
Batting: RHB Andy Baumhardt
|
0-0: Called Strike 0-1: Ball 1-1: Called Strike 1-2: Strikes out swinging
|
|
Batting: RHB Jorge Gonzalez
|
0-0: Foul Ball, location: 2F 0-1: Swinging Strike 0-2: Ground out 5-3 (Groundball, 5L, EV 108.8 MPH)
|
|
Batting: RHB Lencho Otieno
|
0-0: Fly out, F8 (Flyball, 8LM, EV 91.9 MPH)
|
| Top of the 2nd over - 0 runs, 0 hits, 0 errors, 0 left on base; Chicago (APP) 0 - Danville 3 |
| BOTTOM OF THE 2ND |
|
Danville Braves batting - Pitching for Chicago (APP) Cubs : RHP Luis Solis
|
|
Pitching: RHP Mike Reusch
|
|
|
Batting: RHB Aaron Sartini
|
0-0: Fly out, F9 (Flyball, 9D, EV 93.1 MPH)
|
|
Batting: RHB Chad Starnes
|
0-0: Ball 1-0: Swinging Strike 1-1: Foul Ball, location: 2F 1-2: Ball 2-2: Ball 3-2: Base on Balls
|
|
Batting: RHB Danny Dimas
|
0-0: SINGLE (Groundball, 4MD, EV 95.0 MPH) Chad Starnes to second
|
|
Batting: RHB Mennad Maalik
|
0-0: SINGLE (Line Drive, 4M, EV 105.0 MPH) Chad Starnes to third Danny Dimas to second
|
|
Batting: RHB Richard Saquic
|
0-0: Swinging Strike 0-1: Called Strike 0-2: Ball 1-2: SINGLE (Groundball, 25, EV 65.6 MPH) (infield hit) Chad Starnes scores Danny Dimas to third Mennad Maalik to second
|
|
Batting: RHB Paul Holland
|
0-0: Ball 1-0: SINGLE (Line Drive, 78S, EV 92.5 MPH) Danny Dimas scores Mennad Maalik to third Richard Saquic to second
|
|
Batting: RHB Jesus Diego
|
0-0: Ball Passed Ball! Mennad Maalik scores Richard Saquic to third Paul Holland to second 1-0: Foul Ball, location: 2F 1-1: Ball Passed Ball! Richard Saquic scores Paul Holland to third 2-1: Foul Ball, location: 2F 2-2: 2-RUN HOME RUN (Flyball, 78XD, EV 98.8 MPH), Distance : 382 ft
|
|
Pitching: RHP Man-keung Li
|
|
|
Batting: RHB Ricardo Joya
|
0-0: Foul Ball, location: 2F 0-1: SINGLE (Groundball, 4MD, EV 105.0 MPH)
|
|
Batting: RHB Bart Stevensdick
|
0-0: Ball 1-0: Ball 2-0: Foul Ball, location: 2F 2-1: Grounds into double play, 4-6-3 (Groundball, 4S, EV 86.9 MPH)
|
| Bottom of the 2nd over - 6 runs, 6 hits, 0 errors, 0 left on base; Chicago (APP) 0 - Danville 9 |
| TOP OF THE 3RD |
|
Chicago (APP) Cubs batting - Pitching for Danville Braves : RHP Bill Marshall
|
|
Batting: LHB Wilhelm Myers
|
0-0: Called Strike 0-1: Foul Ball, location: 2F 0-2: Foul Ball, location: 2F 0-2: Strikes out looking
|
|
Batting: SHB Joshua Vincent
|
0-0: Foul Ball, location: 2F 0-1: Swinging Strike 0-2: Ball 1-2: Strikes out looking
|
|
Batting: LHB Eddie Panagos
|
0-0: Swinging Strike 0-1: Ball 1-1: Foul Ball, location: 2F 1-2: Strikes out swinging
|
| Top of the 3rd over - 0 runs, 0 hits, 0 errors, 0 left on base; Chicago (APP) 0 - Danville 9 |
| BOTTOM OF THE 3RD |
|
Danville Braves batting - Pitching for Chicago (APP) Cubs : RHP Man-keung Li
|
|
Batting: RHB Aaron Sartini
|
0-0: Ball 1-0: Ball 2-0: Ball 3-0: Called Strike 3-1: Called Strike 3-2: Foul Ball, location: 2F 3-2: Strikes out swinging
|
|
Batting: RHB Chad Starnes
|
0-0: Called Strike 0-1: Ball 1-1: Ball 2-1: SOLO HOME RUN (Flyball, 7LD, EV 92.5 MPH), Distance : 347 ft
|
|
Batting: RHB Danny Dimas
|
0-0: Called Strike 0-1: Ball 1-1: Ball 2-1: Foul Ball, location: 2F 2-2: Ball 3-2: Base on Balls
|
|
Pitching: RHP Robbie Schoen
|
|
|
Batting: RHB Mennad Maalik
|
0-0: Foul Ball, location: 2F 0-1: Ball 1-1: Foul Ball, location: 2F 1-2: Foul Ball, location: 2F 1-2: Strikes out looking
|
|
Batting: RHB Richard Saquic
|
0-0: Foul Ball, location: 2F 0-1: Ball Passed Ball! Danny Dimas to second 1-1: Foul Ball, location: 2F 1-2: Ball Passed Ball! Danny Dimas to third 2-2: Foul Ball, location: 2F 2-2: Ball 3-2: SINGLE (Groundball, 6MD, EV 94.4 MPH) (infield hit) Danny Dimas scores
|
|
Batting: RHB Paul Holland
|
0-0: Called Strike 0-1: Ball 1-1: Ground out U3 (Groundball, 13, EV 89.4 MPH)
|
| Bottom of the 3rd over - 2 runs, 2 hits, 0 errors, 1 left on base; Chicago (APP) 0 - Danville 11 |
| TOP OF THE 4TH |
|
Chicago (APP) Cubs batting - Pitching for Danville Braves : RHP Bill Marshall
|
|
Batting: SHB Jim Lloyd
|
0-0: Ball 1-0: Swinging Strike 1-1: Swinging Strike 1-2: Ball 2-2: Strikes out swinging
|
|
Batting: RHB Andy Villarreal
|
0-0: Ball 1-0: Called Strike 1-1: Foul Ball, location: 2F 1-2: Strikes out swinging
|
|
Batting: LHB Jose Mafano
|
0-0: Foul Ball, location: 2F 0-1: Foul Ball, location: 2F 0-2: Strikes out swinging
|
| Top of the 4th over - 0 runs, 0 hits, 0 errors, 0 left on base; Chicago (APP) 0 - Danville 11 |
| BOTTOM OF THE 4TH |
|
Danville Braves batting - Pitching for Chicago (APP) Cubs : RHP Robbie Schoen
|
|
Batting: RHB Jesus Diego
|
0-0: Called Strike 0-1: Ball 1-1: Ball 2-1: Ball 3-1: Base on Balls
|
|
Pitching: RHP Masato Iwase
|
|
|
Batting: RHB Ricardo Joya
|
0-0: Ball 1-0: Foul Ball, location: 2F 1-1: Ball 2-1: Foul Ball, location: 2F 2-2: Strikes out swinging
|
|
Batting: RHB Bart Stevensdick
|
0-0: Foul Ball, location: 2F 0-1: Foul Ball, location: 2F 0-2: Fielders Choice at 2nd, 3-6 (Groundball, 34, EV 83.8 MPH)
|
|
Batting: RHB Aaron Sartini
|
0-0: Ball 1-0: Called Strike 1-1: Called Strike 1-2: Strikes out swinging
|
| Bottom of the 4th over - 0 runs, 0 hits, 0 errors, 1 left on base; Chicago (APP) 0 - Danville 11 |
| TOP OF THE 5TH |
|
Chicago (APP) Cubs batting - Pitching for Danville Braves : RHP Bill Marshall
|
|
Batting: RHB Andy Baumhardt
|
0-0: Ball 1-0: Called Strike 1-1: Swinging Strike 1-2: Ball 2-2: Foul Ball, location: 2F 2-2: Ball 3-2: Strikes out swinging
|
|
Batting: RHB Jorge Gonzalez
|
0-0: Foul Ball, location: 2F 0-1: Foul Ball, location: 2F 0-2: Ball 1-2: Strikes out swinging
|
|
Batting: RHB Lencho Otieno
|
0-0: Called Strike 0-1: Ball 1-1: Ball 2-1: Foul Ball, location: 2F 2-2: Strikes out swinging
|
| Top of the 5th over - 0 runs, 0 hits, 0 errors, 0 left on base; Chicago (APP) 0 - Danville 11 |
| BOTTOM OF THE 5TH |
|
Danville Braves batting - Pitching for Chicago (APP) Cubs : RHP Masato Iwase
|
|
Batting: RHB Chad Starnes
|
0-0: Ball 1-0: DOUBLE (Flyball, 8LD, EV 106.2 MPH)
|
|
Batting: RHB Danny Dimas
|
0-0: Ball 1-0: Called Strike 1-1: Foul Ball, location: 2F 1-2: Ball 2-2: Fly out, F8 (Flyball, 78M, EV 94.4 MPH)
|
|
Pitching: RHP Bobby Almonte
|
|
|
Batting: RHB Mennad Maalik
|
0-0: Swinging Strike Passed Ball! Chad Starnes to third 0-1: Foul Ball, location: 2F 0-2: Ball Passed Ball! Chad Starnes scores 1-2: Ball 2-2: Ball 3-2: SOLO HOME RUN (Flyball, 78XD, EV 100.6 MPH), Distance : 400 ft
|
|
Batting: RHB Richard Saquic
|
0-0: Foul Ball, location: 2F 0-1: Ball 1-1: Fly out, F8 (Line Drive, 8RM, EV 98.8 MPH)
|
|
Batting: RHB Paul Holland
|
0-0: Ball 1-0: Ball 2-0: Foul Ball, location: 2F 2-1: SINGLE (Line Drive, 9S, EV 86.2 MPH)
|
|
Batting: RHB Jesus Diego
|
0-0: Ball 1-0: Ball Passed Ball! Paul Holland to second 2-0: Foul Ball, location: 2F 2-1: Foul Ball, location: 2F 2-2: Foul Ball, location: 2F 2-2: Foul Ball, location: 2F 2-2: SINGLE (Groundball, 56D, EV 93.8 MPH) Paul Holland to third Runner from 3rd tries for Home, SAFE, throw by LF to home
|
|
Batting: RHB Ricardo Joya
|
0-0: Ball Wild Pitch! Jesus Diego to second 1-0: Called Strike 1-1: Called Strike 1-2: Strikes out swinging
|
| Bottom of the 5th over - 3 runs, 4 hits, 0 errors, 1 left on base; Chicago (APP) 0 - Danville 14 |
| TOP OF THE 6TH |
|
Chicago (APP) Cubs batting - Pitching for Danville Braves : RHP Bill Marshall
|
|
Batting: LHB Wilhelm Myers
|
0-0: Called Strike 0-1: Foul Ball, location: 2F 0-2: Ball 1-2: Foul Ball, location: 2F 1-2: Strikes out swinging
|
|
Batting: SHB Joshua Vincent
|
0-0: Called Strike 0-1: Ball 1-1: Ball 2-1: Foul Ball, location: 2F 2-2: Ground out 6-3 (Groundball, 6, EV 93.8 MPH)
|
|
Batting: LHB Eddie Panagos
|
0-0: Ball 1-0: Called Strike 1-1: SINGLE (Groundball, 6MS, EV 86.2 MPH) (infield hit)
|
|
Batting: SHB Jim Lloyd
|
0-0: Foul Ball, location: 2F 0-1: Foul Ball, location: 2F 0-2: Foul Ball, location: 2F 0-2: Foul Ball, location: 2F 0-2: Ball 1-2: Ball 2-2: Foul Ball, location: 2F 2-2: Foul Ball, location: 2F 2-2: Fly out, F8 (Flyball, 8RM, EV 85.6 MPH)
|
| Top of the 6th over - 0 runs, 1 hit, 0 errors, 1 left on base; Chicago (APP) 0 - Danville 14 |
| BOTTOM OF THE 6TH |
|
Danville Braves batting - Pitching for Chicago (APP) Cubs : RHP Bobby Almonte
|
|
Batting: RHB Bart Stevensdick
|
0-0: Called Strike 0-1: Foul Ball, location: 2F 0-2: Strikes out looking
|
|
Batting: RHB Aaron Sartini
|
0-0: Called Strike 0-1: Foul Ball, location: 2F 0-2: Ball 1-2: Foul Ball, location: 2F 1-2: Foul Ball, location: 2F 1-2: Foul Ball, location: 2F 1-2: Ball 2-2: Ball 3-2: Foul Ball, location: 2F 3-2: Strikes out swinging
|
|
Batting: RHB Chad Starnes
|
0-0: SINGLE (Groundball, 6MD, EV 101.9 MPH)
|
|
Batting: RHB Danny Dimas
|
0-0: Ball 1-0: Ball 2-0: Ball 3-0: Base on Balls Chad Starnes to second
|
|
Batting: RHB Mennad Maalik
|
0-0: Ball Passed Ball! Chad Starnes to third Danny Dimas to second 1-0: Ground out 6-3 (Groundball, 6, EV 105.0 MPH)
|
| Bottom of the 6th over - 0 runs, 1 hit, 0 errors, 2 left on base; Chicago (APP) 0 - Danville 14 |
| TOP OF THE 7TH |
|
Chicago (APP) Cubs batting - Pitching for Danville Braves : RHP Bill Marshall
|
|
Batting: RHB Andy Villarreal
|
0-0: Ball 1-0: Called Strike 1-1: Called Strike 1-2: Ball 2-2: Ball 3-2: Ground out 6-3 (Groundball, 6, EV 105.6 MPH)
|
|
Batting: LHB Jose Mafano
|
0-0: Foul Ball, location: 2F 0-1: Ball 1-1: Ball 2-1: Ground out U3 (Groundball, 3, EV 80.6 MPH)
|
|
Batting: RHB Andy Baumhardt
|
0-0: Called Strike 0-1: Ball 1-1: Ball 2-1: Fly out, F7 (Flyball, 7S, EV 88.8 MPH)
|
| Top of the 7th over - 0 runs, 0 hits, 0 errors, 0 left on base; Chicago (APP) 0 - Danville 14 |
| BOTTOM OF THE 7TH |
|
Danville Braves batting - Pitching for Chicago (APP) Cubs : RHP Bobby Almonte
|
|
Batting: RHB Richard Saquic
|
0-0: SINGLE (Groundball, 13S, EV 66.9 MPH) (infield hit)
|
|
Pinch Hitting: RHB Rodolfo Cosme
|
0-0: Ball 1-0: Fly out, F6 (Popup, 6MS, EV 75.0 MPH)
|
|
Batting: RHB Jesus Diego
|
0-0: Called Strike 0-1: Ball 1-1: Called Strike 1-2: Ball 2-2: Ball Wild Pitch! Richard Saquic to second 3-2: Foul Ball, location: 2F 3-2: Foul Ball, location: 2F 3-2: Base on Balls
|
|
Batting: RHB Ricardo Joya
|
0-0: Ball Passed Ball! Richard Saquic to third Jesus Diego to second 1-0: Called Strike 1-1: Ball 2-1: Ball Passed Ball! Richard Saquic scores Jesus Diego to third 3-1: SINGLE (Groundball, 56, EV 103.1 MPH) Jesus Diego scores
|
|
Batting: RHB Bart Stevensdick
|
0-0: Ball 1-0: Called Strike 1-1: Foul Ball, location: 2F 1-2: Ball 2-2: SINGLE (Line Drive, 4M, EV 94.4 MPH) Ricardo Joya to second
|
|
Batting: RHB Aaron Sartini
|
0-0: Called Strike 0-1: Ball Wild Pitch! Ricardo Joya to third Bart Stevensdick to second 1-1: Ball 2-1: DOUBLE (Flyball, 89D, EV 107.5 MPH) Ricardo Joya scores Bart Stevensdick scores
|
|
Batting: RHB Chad Starnes
|
0-0: Called Strike 0-1: SINGLE (Groundball, 4MD, EV 102.5 MPH) Aaron Sartini to third
|
|
Batting: RHB Danny Dimas
|
0-0: DOUBLE (Groundball, 5L, EV 98.1 MPH) Aaron Sartini scores Chad Starnes to third
|
|
Batting: RHB Mennad Maalik
|
0-0: Foul Ball, location: 2F 0-1: Foul Ball, location: 2F 0-2: Ball 1-2: Foul Ball, location: 2F 1-2: Strikes out swinging
|
|
Batting: RHB Richard Saquic
|
0-0: Called Strike 0-1: Fly out, F8 (Flyball, 8LXD, EV 98.8 MPH)
|
| Bottom of the 7th over - 5 runs, 6 hits, 0 errors, 2 left on base; Chicago (APP) 0 - Danville 19 |
| TOP OF THE 8TH |
|
Chicago (APP) Cubs batting - Pitching for Danville Braves : RHP Bill Marshall
|
|
Now at 3B: Rodolfo Cosme
|
|
|
Batting: RHB Jorge Gonzalez
|
0-0: Foul Ball, location: 2F 0-1: SINGLE (Line Drive, 4M, EV 103.8 MPH)
|
|
Batting: RHB Lencho Otieno
|
0-0: Called Strike 0-1: Swinging Strike 0-2: Ball 1-2: Foul Ball, location: 2F 1-2: Ball 2-2: Strikes out looking
|
|
Batting: LHB Wilhelm Myers
|
0-0: Bunt missed! 0-1: Bunt missed! 0-2: Bunt missed, Strikeout!
|
|
Pitching: LHP Jimmy Bolton
|
|
|
Batting: SHB Joshua Vincent
|
0-0: Called Strike 0-1: Swinging Strike 0-2: Ball 1-2: Strikes out swinging
|
| Top of the 8th over - 0 runs, 1 hit, 0 errors, 1 left on base; Chicago (APP) 0 - Danville 19 |
| BOTTOM OF THE 8TH |
|
Danville Braves batting - Pitching for Chicago (APP) Cubs : RHP Bobby Almonte
|
|
Batting: RHB Rodolfo Cosme
|
0-0: Ground out 6-3 (Groundball, 6, EV 83.8 MPH)
|
|
Batting: RHB Jesus Diego
|
0-0: Foul Ball, location: 2F 0-1: Ball 1-1: Called Strike 1-2: Strikes out swinging
|
|
Batting: RHB Ricardo Joya
|
0-0: DOUBLE (Line Drive, 9LS, EV 99.4 MPH)
|
|
Batting: RHB Bart Stevensdick
|
0-0: Swinging Strike 0-1: Swinging Strike Passed Ball! Ricardo Joya to third 0-2: Ground out 6-3 (Groundball, 6MS, EV 86.9 MPH)
|
| Bottom of the 8th over - 0 runs, 1 hit, 0 errors, 1 left on base; Chicago (APP) 0 - Danville 19 |
| TOP OF THE 9TH |
|
Chicago (APP) Cubs batting - Pitching for Danville Braves : LHP Jimmy Bolton
|
|
Batting: LHB Eddie Panagos
|
0-0: Ball 1-0: Foul Ball, location: 2F 1-1: Foul Ball, location: 2F 1-2: Ball 2-2: Strikes out swinging
|
|
Batting: SHB Jim Lloyd
|
0-0: Ball 1-0: Called Strike 1-1: Called Strike 1-2: Strikes out swinging
|
|
Batting: RHB Andy Villarreal
|
0-0: SINGLE (Line Drive, 4D, EV 94.4 MPH)
|
|
Batting: LHB Jose Mafano
|
0-0: Ball Wild Pitch! Andy Villarreal to second 1-0: Fly out, F9 (Line Drive, 9S, EV 93.8 MPH)
|
| Top of the 9th over - 0 runs, 1 hit, 0 errors, 1 left on base; Chicago (APP) 0 - Danville 19 |
|